AoeStats
← maya-.--

Nomad

508586613Analyzed
2v2 RM · 10d ago on Sep 23, 2026· 66m 8s· 4 players
Game mode
Random Map
Map size
176×176
Population
200
Speed
Normal
Resources
Standard
Victory
Conquest
Starting age
Dark Age
Ending age
Imperial Age
RankedLock teamsTeams togetherTeam positionsShared explorationLock speedFull tech treeHidden civsTurbo modeCheats
Victory
Defeat
🇹🇷 Britons · Türkiye
816
+14
🇺🇸 Franks · United States
767
+16
🇲🇽 Khmer · Mexico
778
-15
🇲🇽 Britons · Mexico
770
-15
Sir_Porromostro
6:27 Loom
19:14 Feudal Age
20:51 Wheelbarrow
21:13 Arson
23:02 Horse Collar
25:13 Double-Bit Axe
25:44 Fishing Lines
27:07 Forging
26:58 Scale Mail Armor
31:21 Castle Age
33:20 Chain Mail Armor
34:18 Heavy Plow
34:57 Pikeman
35:59 Bow Saw
38:54 Hand Cart
51:57 Gillnets
59:11 Town Watch
61:28 Town Patrol
66:51 Ballistics
66:44 Masonry
66:32 Murder Holes
Sir_ Arlan de Pennetry
5:54 Loom
15:43 Feudal Age
18:46 Double-Bit Axe
21:39 Castle Age
20:10 Fletching
21:40 Gold Mining
22:19 Demolition Ship
23:26 Medium Warships
24:36 Bodkin Arrow
26:15 Bow Saw
26:24 Pikeman
28:16 Gambesons
28:32 Squires
29:27 Crossbowman
32:41 Padded Archer Armor
32:46 Arson
33:48 Man-at-Arms
38:32 Imperial Age
38:22 Yeomen
41:21 Guilds
42:30 Long Swordsman
43:06 Elite Skirmisher
46:02 Chemistry
45:51 Two-Handed Swordsman
46:56 Warwolf
56:40 Halberdier
1208kenfeng
10:22 Loom
13:47 Feudal Age
15:25 Double-Bit Axe
22:57 Castle Age
24:15 Gold Mining
24:16 Stone Mining
27:03 Husbandry
30:22 Scale Barding Armor
30:28 Forging
36:52 Imperial Age
35:49 Chain Barding Armor
35:32 Padded Archer Armor
38:36 Gold Shaft Mining
38:48 Wheelbarrow
41:52 Cavalier
43:42 Ballistics
44:22 Chemistry
43:19 Murder Holes
45:25 Iron Casting
45:38 Conscription
46:07 Chivalry
48:41 Paladin
52:00 Ordonnance Companies
56:26 Elite Throwing Axeman
58:33 Heavy Scorpion
60:47 Plate Barding Armor
61:13 Blast Furnace
60:03 Fletching
60:29 Leather Archer Armor
64:07 Bodkin Arrow
64:47 Bow Saw
maya-.--
15:08 Feudal Age
16:25 Wheelbarrow
15:34 Horse Collar
15:43 Double-Bit Axe
23:50 Castle Age
25:25 Hand Cart
25:09 Fletching
25:20 Padded Archer Armor
25:15 Crossbowman
26:57 Heavy Plow
27:09 Bow Saw
28:36 Stone Mining
29:01 Town Watch
30:13 Gold Mining
31:30 Gold Shaft Mining
32:36 Bodkin Arrow
32:57 Leather Archer Armor
35:29 Yeomen
36:20 Ballistics
35:41 Treadmill Crane
38:09 Town Patrol
42:08 Imperial Age
43:50 Chemistry
43:17 Bracer
45:04 Ring Archer Armor
45:15 Arbalester
46:39 Elite Longbowman
48:14 Town Patrol
48:28 Masonry
51:04 Elite Skirmisher
52:08 Murder Holes
60:22 Two-Man Saw
60:06 Medium Warships
63:18 Heavy Warships
Connection lost

Rejoining the realm…

Still unreachable

The connection could not be restored.

Session expired

The server has moved on; the page needs a fresh start.